 Dungeon Crawl Stone Soup version 0.31-a0-232-gb1c03b2570 (webtiles) character file.

Game seed: 486154135337560257

14154 qw the Marksgargoyle (level 12, -2/77 HPs)
             Began as a Gargoyle Hexslinger on July 7, 2023.
             Was a Priest of Okawaru.
             Slain by a yak (6 damage)
             ... led by a torpor snail
             ... on level 2 of the Lair of Beasts.
             The game lasted 00:06:58 (11382 turns).

qw the Marksgargoyle (Gargoyle Hexslinger)         Turns: 11382, Time: 00:06:59

Health: -2/77      AC: 23    Str: 19    XL:     12   Next: 13%
Magic:  15/16      EV: 17    Int: 14    God:    Okawaru [***...]
Gold:   511        SH:  5    Dex: 16    Spells: 12/13 levels left

rFire   . . .        t - +0 orcbow
rCold   . . .        (shield currently unavailable)
rNeg    + . .        r - +0 troll leather armour
rPois   inf          (no helmet)
rElec   +            g - +1 cloak
rCorr   +            p - +2 pair of gloves
SInv    .            f - +2 pair of boots {Fly}
Will    .....        l - amulet of reflection
Stlth   +++          j - ring of resist corrosion
HPRegen 1.12/turn    o - +6 ring of strength
MPRegen 0.15/turn

%: reflection
@: heroic, flying, slowed, very slow
A: sickness immunity, AC +8, negative energy resistance 1, electricity
resistance, torment resistance 1, petrification resistance
a: Renounce Religion, Heroism


You were on level 2 of the Lair of Beasts.
You worshipped Okawaru.
Okawaru was most pleased with you.
You visited 2 branches of the dungeon, and saw 11 of its levels.
You also visited: Sewer.

You collected 511 gold pieces.


Innate Abilities, Weirdness & Mutations

You are immune to sickness and miasma.
Your stone body is resilient. (AC +8)
You are immune to poison.
You resist negative energy. (rN+)
You are resistant to electric shocks. (rElec)
You are resistant to unholy torment.
You are immune to petrification.


   Skills:
 - Level 10.0(15.0) Fighting
 - Level 15.0(20.0) Ranged Weapons
 - Level 4.1(9.1) Armour
 + Level 4.4(9.4) Dodging
 - Level 1.0 Spellcasting
 - Level 2.6 Hexes
 - Level 5.4 Invocations


You had 12 spell levels left.
You knew the following spells:

 Your Spells              Type           Power      Damage    Failure   Level
a - Slow                  Hex            32%        N/A       10%         1

Your spell library contained the following spells:

 Spells                   Type           Power      Damage    Failure   Level
 Inner Flame              Hex/Fire       4%         N/A       45%         3
 Portal Projectile        Hex/Tloc       8%         N/A       45%         3
 Cause Fear               Hex            4%         N/A       69%         4

Inventory:

Hand Weapons
 t - a +0 orcbow (weapon)
Armour
 f - a +2 pair of boots of flying (worn)
 g - a +1 cloak (worn)
 m - the +1 pair of gloves of Eternity {Harm rPois Int+2}
   (You found it on level 2 of the Lair of Beasts)

   Int:       It affects your intelligence (+2).
   rPois:     It protects you from poison.
   Harm:      It increases damage dealt and taken.
 p - a +2 pair of gloves (worn)
 r - a +0 troll leather armour (worn)
Jewellery
 j - a ring of resist corrosion (left hand)
 k - a ring of ice
 l - an amulet of reflection (around neck)
 o - a +6 ring of strength (right hand)
Scrolls
 d - 5 scrolls of identify
Potions
 a - 2 potions of haste
 b - a potion of resistance
 c - 2 potions of mutation
 e - 5 potions of curing
 h - a potion of cancellation
 i - 11 potions of enlightenment
 n - a potion of might

Dungeon Overview and Level Annotations

Branches:
Dungeon (9/15)             Temple (0/1) D:6            Lair (2/5) D:9
  Sewer (visited)
  Swamp: Lair:2-3    Shoals: Lair:2-3     Snake: Lair:2-3    Spider: Lair:2-3
    Orc: D:9-12

Altars:
Cheibriados
Dithmenos
Elyvilon
Fedhas
Gozag
Hepliaklqana
Makhleb
Okawaru
Trog
Uskayaw
Vehumet
Wu Jian
Xom
The Shining One

Shops:
D:4 =

Annotations:
D:4 1 runed translucent door, qw's ghost, amateur MiHs
D:6 2 transporters


Message History

The torpor snail barely misses you. The yak gores you but does no damage.
You block the yak's attack.
11374 ||| INVOKING Heroism.
You gain the combat prowess of a mighty hero.
The yak closely misses you. x2; The yak gores you but does no damage.
The torpor snail bites you but does no damage.
You shoot an arrow. The arrow hits the yak.
The yak is lightly wounded.
You block the yak's attack. The yak closely misses you. The yak misses you.
The torpor snail closely misses you.
You shoot an arrow. The arrow hits the yak.
The yak is lightly wounded.
You block the yak's attack. The yak closely misses you. The yak gores you.
You block the torpor snail's attack. The yak barely misses you.
The yak gores you! The yak completely misses you.
You shoot an arrow. The arrow hits the yak!
The yak is heavily wounded.
The yak gores you but does no damage. The yak gores you!
The yak closely misses you.
You shoot an arrow.
The arrow hits the yak but does no damage.
The yak is heavily wounded.
You block the torpor snail's attack. The yak closely misses you.
The yak gores you. The yak barely misses you.
You shoot an arrow. The arrow hits the yak!
The yak is severely wounded.
The torpor snail barely misses you. The yak gores you.
You block the yak's attack. The yak barely misses you.
You shoot an arrow. The arrow closely misses the yak.
The yak closely misses you. The yak gores you but does no damage.
The torpor snail bites you! You block the yak's attack.
You shoot an arrow. The arrow closely misses the yak.
The yak barely misses you. The yak closely misses you. The yak misses you.
The torpor snail completely misses you.
You shoot an arrow. The arrow hits the yak!
The yak is almost dead.
The yak snorts and paws the ground.
The yak barely misses you. The yak gores you but does no damage.
The yak gores you.
You die...

... ##
...##.###
........#
.......P####
...........#
...........#
......wYY..##
#@Y...##
#....#.#
##.....#
##.....####
##.#....##.#
#..........#
## .
#..........#
#.###.
##..........#
#.....
#...........#
##.....


You could see a torpor snail and 3 yaks.

Vanquished Creatures
  A hydra (D:9)
  A two-headed ogre (D:9)
  An oklob plant (Lair:2)
  A manticore (D:9)
  2 cane toads (Lair:1)
  A rime drake (Lair:1)
  A troll (D:9)
  3 polar bears (Lair:1)
  8 blink frogs (Lair:1)
  Sigmund (D:6)
  4 wyverns
  13 yaks
  3 wraiths
  A vampire (D:9)
  Eustachio (D:4)
  2 basilisks
  3 steam dragons
  5 water moccasins
  3 black bears
  2 orc warriors
  An ice beast (D:6)
  2 ogres (D:5)
  A boggart (D:9)
  10 wolves
  2 centaurs (D:9)
  3 phantoms
  4 kobold brigands
  4 bullfrogs
  A gnoll sergeant (D:9)
  3 scorpions
  13 wights
  4 killer bees
  4 hounds
  An orc priest (D:6)
  4 jellies
  3 iguanas
  5 orc wizards
  13 adders
  11 gnolls
  5 river rats (Sewer)
  A white imp (D:8)
  3 ufetubi
  4 worms
  A dart slug (D:3)
  21 orcs
  10 ball pythons
  8 endoplasms
  15 giant cockroaches
  6 goblins
  5 hobgoblins
  9 jackals
  14 quokkas
  15 bats
  7 frilled lizards
  13 kobolds
  10 rats
293 creatures vanquished.

Notes
Turn   | Place    | Note
-------+----------+-------------------------------------------
     0 | D:1      | qw the Gargoyle Hexslinger began the quest for the Orb.
     0 | D:1      | Reached XP level 1. HP: 12/12 MP: 2/2
     0 | D:1      | 0 ||| qw: Version: 0.3-a-46-gb1f654a
     0 | D:1      | 0 ||| qw: Game counter: 2742
     0 | D:1      | 0 ||| qw: Melee chars always use a shield: true
     0 | D:1      | 0 ||| qw: God list: Okawaru
     0 | D:1      | 0 ||| qw: Allow faded altars: false
     0 | D:1      | 0 ||| qw: Do Orc after clearing Dungeon:15 true
     0 | D:1      | 0 ||| qw: Do second Lair branch before Depths: true
     0 | D:1      | 0 ||| qw: Lair rune preference: random
     0 | D:1      | 0 ||| qw: Goals: Normal
     0 | D:1      | 0 ||| PLANNING D:1-11
   135 | D:1      | Reached XP level 2. HP: 14/16 MP: 3/3
   160 | D:1      | Reached skill level 3 in Ranged Weapons
   386 | D:1      | Reached XP level 3. HP: 21/21 MP: 4/4
   930 | D:1      | 930 ||| UPGRADING to +0 ring mail.
   940 | D:1      | 940 ||| DROPPING +0 robe.
   941 | D:1      | 941 ||| UPGRADING to amulet of reflection.
   946 | D:1      | 946 ||| DROPPING ring of flight.
   947 | D:1      | 947 ||| UPGRADING to ring of resist corrosion.
   948 | D:1      | 948 ||| UPGRADING to +6 ring of strength.
   949 | D:1      | 949 ||| READING 3 scrolls labelled DARODO KIEVI.
   953 | D:1      | 953 ||| READING scroll labelled JECE HAVAPICA.
   954 | D:1      | 954 ||| READING scroll labelled IVYUME RYXISS.
   955 | D:1      | 955 ||| READING scroll labelled YPLUOH RUCEPLU.
   956 | D:1      | 956 ||| DRINKING 2 blue potions.
   957 | D:1      | 957 ||| DROPPING scroll of poison.
   958 | D:1      | 958 ||| DROPPING potion of degeneration.
  1138 | D:2      | 1138 ||| FLEEEEING.
  1140 | D:2      | Reached XP level 4. HP: 24/26 MP: 5/5
  1184 | D:2      | Reached skill level 4 in Ranged Weapons
  1205 | D:2      | Reached skill level 1 in Armour
  1422 | D:2      | 1422 ||| UPGRADING to +1 pair of boots of flying.
  1427 | D:2      | 1427 ||| READING scroll labelled JIASTO JUQEFOM.
  1428 | D:2      | 1428 ||| READING scroll labelled FUAGYILYRI.
  1449 | D:2      | 1449 ||| READING scroll labelled OCWAD OKLOM.
  1513 | D:3      | 1513 ||| FLEEEEING.
  1514 | D:3      | 1514 ||| FLEEEEING.
  1515 | D:3      | 1515 ||| FLEEEEING.
  1516 | D:3      | 1516 ||| FLEEEEING.
  1517 | D:3      | 1517 ||| FLEEEEING.
  1518 | D:3      | 1518 ||| FLEEEEING.
  1519 | D:3      | 1519 ||| FLEEEEING.
  1520 | D:3      | 1520 ||| FLEEEEING.
  1521 | D:3      | 1521 ||| FLEEEEING.
  1526 | D:3      | 1526 ||| FLEEEEING.
  1527 | D:3      | 1527 ||| FLEEEEING.
  1528 | D:3      | 1528 ||| FLEEEEING.
  1529 | D:3      | 1529 ||| FLEEEEING.
  1530 | D:3      | 1530 ||| FLEEEEING.
  1533 | D:3      | 1533 ||| STAIRDANCE
  1552 | D:2      | 1552 ||| READING scroll labelled IBICILLERAD.
  1572 | D:3      | HP: 2/26 [something/puff of flame (8)]
  1709 | D:3      | Found an iron altar of Okawaru.
  1711 | D:3      | 1711 ||| PLANNING OKAWARU WORSHIP
  1711 | D:3      | 1711 ||| READING scroll labelled WOYTHR CESMUSHRE.
  1719 | D:3      | Became a worshipper of Warmaster Okawaru
  1720 | D:3      | 1720 ||| PLANNING D:1-11
  1812 | D:3      | Reached XP level 5. HP: 30/30 MP: 6/6
  2061 | D:3      | 2061 ||| READING scroll of enchant armour.
  2061 | D:3      | 2061 ||| ENCHANTING +1 pair of boots of flying.
  2199 | D:3      | Found a glowing golden altar of the Shining One.
  2299 | D:3      | 2299 ||| READING scroll labelled VEHOUMN GEVVU.
  2319 | D:4      | 2319 ||| PLANNING SEWER
  2373 | D:4      | 2373 ||| SWAPPING to +0 sling of freezing.
  2374 | D:4      | 2374 ||| DROPPING +2 sling.
  2394 | D:4      | Reached skill level 5 in Ranged Weapons
  2406 | D:4      | Found a runed translucent door.
  2406 | D:4      | Noticed qw's ghost (amateur MiHs)
  2445 | D:4      | 2445 ||| UPGRADING to +0 cloak.
  2461 | D:4      | Reached skill level 3 in Fighting
  2491 | D:4      | Found a burning altar of Makhleb.
  2525 | D:4      | Reached XP level 6. HP: 34/37 MP: 7/7
  2555 | D:4      | 2555 ||| READING scroll of enchant armour.
  2555 | D:4      | 2555 ||| ENCHANTING +0 cloak.
  2614 | D:4      | Noticed Eustachio
  2641 | D:4      | Killed Eustachio
  2641 | D:4      | Reached * piety under Okawaru
  2642 | D:4      | Reached skill level 6 in Ranged Weapons
  2874 | D:4      | Found a glowing drain.
  2879 | D:4      | 2879 ||| Stepping ~*~*~tactically~*~*~ (outnumbered).
  2896 | D:4      | 2896 ||| UPGRADING to +1 pair of gloves.
  2912 | Sewer    | Entered a sewer
  2932 | Sewer    | Reached skill level 1 in Invocations
  3016 | Sewer    | Reached XP level 7. HP: 41/41 MP: 8/8
  3469 | Sewer    | 3469 ||| READING scroll labelled PEARYH UGIW.
  3470 | Sewer    | 3470 ||| READING 3 scrolls of identify.
  3470 | Sewer    | 3470 ||| IDENTIFYING bubbling pink potion
  3471 | Sewer    | 3471 ||| READING 2 scrolls of identify.
  3471 | Sewer    | 3471 ||| IDENTIFYING white potion
  3502 | D:4      | 3502 ||| PLANNING D:1-11
  3537 | D:4      | Found Huifu's Jewellery Boutique.
  3540 | D:4      | 3540 ||| SHOPLISTING +6 ring of dexterity (468 gold, have
                  | 231).
  3540 | D:4      | 3540 ||| SHOPLISTING amulet "Wicrum" {RegenMP Fragile rF+
                  | Will+ SInv} (626 gold, have 231).
  3540 | D:4      | 3540 ||| SHOPLISTING amulet of Vitality {RegenMP++ Regen++}
                  | (1300 gold, have 231).
  3540 | D:4      | 3540 ||| SHOPLISTING ring of fire (325 gold, have 231).
  3540 | D:4      | 3540 ||| SHOPLISTING ring of positive energy (260 gold,
                  | have 231).
  3609 | D:4      | 3609 ||| Stepping ~*~*~tactically~*~*~ (outnumbered).
  3612 | D:4      | 3612 ||| FLEEEEING.
  3735 | D:4      | Found a bloodstained altar of Trog.
  3867 | D:4      | 3867 ||| DRINKING 2 fuming purple potions.
  3884 | D:5      | Entered Level 5 of the Dungeon
  3904 | D:5      | Reached skill level 3 in Invocations
  3939 | D:5      | Found a white marble altar of Elyvilon.
  3987 | D:5      | 3987 ||| INVOKING Heroism.
  4010 | D:5      | 4010 ||| INVOKING Heroism.
  4012 | D:5      | Reached ** piety under Okawaru
  4013 | D:5      | Reached XP level 8. HP: 27/48 MP: 7/11
  4120 | D:5      | 4120 ||| INVOKING Heroism.
  4123 | D:5      | Reached skill level 7 in Ranged Weapons
  4234 | D:5      | 4234 ||| INVOKING Heroism.
  4275 | D:5      | 4275 ||| INVOKING Heroism.
  4431 | D:5      | Found a hide-covered altar of Uskayaw.
  4724 | D:5      | 4724 ||| DRINKING 3 coppery potions.
  4762 | D:5      | 4762 ||| READING 2 scrolls of identify.
  4762 | D:5      | 4762 ||| IDENTIFYING clear potion
  4763 | D:5      | 4763 ||| DROPPING 2 potions of lignification.
  4837 | D:6      | Found a transporter.
  4847 | D:6      | Found a staircase to the Ecumenical Temple.
  4860 | D:6      | Found a transporter.
  5117 | D:6      | 5117 ||| INVOKING Heroism.
  5129 | D:6      | Reached skill level 8 in Ranged Weapons
  5160 | D:6      | Noticed a wraith
  5164 | D:6      | 5164 ||| INVOKING Heroism.
  5207 | D:6      | 5207 ||| INVOKING Heroism.
  5207 | D:6      | HP: 9/49 [wraith (10)]
  5208 | D:6      | 5208 ||| READING 3 scrolls of teleportation.
  5269 | D:6      | 5269 ||| FLEEEEING.
  5270 | D:6      | 5270 ||| FLEEEEING.
  5271 | D:6      | 5271 ||| FLEEEEING.
  5272 | D:6      | 5272 ||| FLEEEEING.
  5275 | D:6      | 5275 ||| FLEEEEING.
  5276 | D:6      | 5276 ||| FLEEEEING.
  5482 | D:6      | 5482 ||| INVOKING Heroism.
  5490 | D:6      | 5490 ||| FLEEEEING.
  5493 | D:6      | HP: 12/49 [wight/+1 halberd of freezing (2)]
  5494 | D:6      | 5494 ||| READING 2 scrolls of teleportation.
  5501 | D:6      | 5501 ||| FLEEEEING.
  5505 | D:6      | 5505 ||| FLEEEEING.
  5512 | D:6      | 5512 ||| FLEEEEING.
  5513 | D:6      | 5513 ||| FLEEEEING.
  5514 | D:6      | 5514 ||| FLEEEEING.
  5515 | D:6      | 5515 ||| FLEEEEING.
  5516 | D:6      | 5516 ||| FLEEEEING.
  5527 | D:6      | 5527 ||| FLEEEEING.
  5528 | D:6      | 5528 ||| FLEEEEING.
  5529 | D:6      | 5529 ||| FLEEEEING.
  5530 | D:6      | 5530 ||| FLEEEEING.
  5531 | D:6      | 5531 ||| FLEEEEING.
  5537 | D:6      | 5537 ||| FLEEEEING.
  5538 | D:6      | 5538 ||| STAIRDANCE
  5632 | D:5      | 5632 ||| READING scroll labelled QINOPS SOIQAPH.
  5635 | D:6      | 5635 ||| STAIRDANCE
  5645 | D:5      | 5645 ||| INVOKING Heroism.
  5655 | D:5      | Killed a wraith
  5656 | D:5      | Reached skill level 9 in Ranged Weapons
  5723 | D:6      | 5723 ||| READING scroll of enchant armour.
  5723 | D:6      | 5723 ||| ENCHANTING +1 pair of gloves.
  5779 | D:6      | Reached XP level 9. HP: 52/54 MP: 12/12
  5908 | D:6      | Noticed Sigmund
  5909 | D:6      | 5909 ||| INVOKING Heroism.
  5916 | D:6      | Killed Sigmund
  5917 | D:6      | Reached skill level 3 in Armour
  5974 | D:6      | Found a hazy altar of Hepliaklqana.
  5975 | D:6      | 5975 ||| DRINKING 2 bubbling black potions.
  6005 | D:6      | 6005 ||| INVOKING Heroism.
  6114 | D:6      | Found a shimmering altar of Xom.
  6123 | D:6      | 6123 ||| INVOKING Heroism.
  6139 | D:6      | 6139 ||| INVOKING Heroism.
  6155 | D:6      | Reached skill level 6 in Fighting
  6473 | D:6      | 6473 ||| DROPPING potion of attraction.
  6628 | D:7      | 6628 ||| DRINKING 3 sapphire potions.
  6631 | D:7      | Found a snail-covered altar of Cheibriados.
  6633 | D:7      | 6633 ||| INVOKING Heroism.
  6762 | D:7      | 6762 ||| INVOKING Heroism.
  6772 | D:7      | HP: 7/55 [wyvern (11)]
  6773 | D:7      | 6773 ||| READING scroll of teleportation.
  6774 | D:7      | 6774 ||| DRINKING 2 potions of heal wounds.
  6835 | D:7      | Found an opulent altar of Gozag.
  6869 | D:7      | Reached skill level 10 in Ranged Weapons
  6938 | D:7      | 6938 ||| INVOKING Heroism.
  7067 | D:7      | 7067 ||| INVOKING Heroism.
  7077 | D:7      | HP: 11/57 [steam dragon] (6)]
  7078 | D:7      | 7078 ||| DRINKING potion of heal wounds.
  7239 | D:7      | 7239 ||| INVOKING Heroism.
  7326 | D:7      | Found an ornate altar of the Wu Jian Council.
  7389 | D:7      | 7389 ||| UPGRADING to +0 steam dragon scales.
  7399 | D:7      | 7399 ||| DROPPING +0 ring mail.
  7400 | D:7      | 7400 ||| DROPPING amulet of regeneration.
  7401 | D:7      | 7401 ||| READING 4 scrolls of identify.
  7401 | D:7      | 7401 ||| IDENTIFYING fuming emerald potion
  7402 | D:7      | 7402 ||| READING 3 scrolls of identify.
  7402 | D:7      | 7402 ||| IDENTIFYING murky grey potion
  7403 | D:7      | 7403 ||| DROPPING potion of invisibility.
  7570 | D:8      | 7570 ||| INVOKING Heroism.
  7581 | D:8      | Reached skill level 3 in Dodging
  7581 | D:8      | Reached XP level 10. HP: 63/63 MP: 11/13
  7699 | D:8      | Reached skill level 11 in Ranged Weapons
  7827 | D:8      | 7827 ||| INVOKING Heroism.
  7882 | D:8      | Found a blossoming altar of Fedhas.
  7975 | D:8      | Found a shadowy altar of Dithmenos.
  8517 | D:8      | 8517 ||| READING 3 scrolls of identify.
  8517 | D:8      | 8517 ||| IDENTIFYING amethyst potion
  8659 | D:9      | Found a staircase to the Lair.
  8749 | D:9      | Noticed an eight-headed hydra
  8750 | D:9      | 8750 ||| INVOKING Heroism.
  8761 | D:9      | Killed an eight-headed hydra
  8782 | D:9      | Reached skill level 12 in Ranged Weapons
  8814 | D:9      | 8814 ||| INVOKING Heroism.
  8920 | D:9      | 8920 ||| INVOKING Heroism.
  8936 | D:9      | 8936 ||| INVOKING Heroism.
  9006 | D:9      | 9006 ||| SWAPPING to +0 shortbow.
  9007 | D:9      | 9007 ||| DROPPING +0 sling of freezing.
  9086 | D:9      | 9086 ||| INVOKING Heroism.
  9435 | D:9      | Noticed a two-headed ogre
  9436 | D:9      | 9436 ||| INVOKING Heroism.
  9458 | D:9      | Killed a two-headed ogre
  9458 | D:9      | Reached *** piety under Okawaru
  9548 | D:9      | Noticed a manticore
  9549 | D:9      | 9549 ||| INVOKING Heroism.
  9555 | D:9      | Reached XP level 11. HP: 64/68 MP: 11/14
  9560 | D:9      | Killed a manticore
  9561 | D:9      | Reached skill level 13 in Ranged Weapons
  9600 | D:9      | 9600 ||| INVOKING Heroism.
  9663 | D:9      | 9663 ||| SWAPPING to +0 orcbow.
  9691 | D:9      | 9691 ||| DROPPING +0 shortbow.
  9805 | D:9      | 9805 ||| PLANNING LAIR
  9805 | D:9      | 9805 ||| UPGRADING to +0 troll leather armour.
  9815 | D:9      | 9815 ||| DROPPING +0 steam dragon scales.
  9836 | Lair:1   | Entered Level 1 of the Lair of Beasts
  9857 | Lair:1   | 9857 ||| INVOKING Heroism.
  9878 | Lair:1   | Reached skill level 9 in Fighting
  9926 | Lair:1   | 9926 ||| INVOKING Heroism.
 10019 | Lair:1   | Reached **** piety under Okawaru
 10087 | Lair:1   | 10087 ||| INVOKING Heroism.
 10219 | Lair:1   | Found a radiant altar of Vehumet.
 10233 | Lair:1   | 10233 ||| INVOKING Heroism.
 10304 | Lair:1   | 10304 ||| INVOKING Heroism.
 10309 | Lair:1   | Reached skill level 14 in Ranged Weapons
 10319 | Lair:1   | HP: 9/71 [yak (11)]
 10320 | Lair:1   | 10320 ||| READING scroll of teleportation.
 10321 | Lair:1   | 10321 ||| DRINKING potion of heal wounds.
 10322 | Lair:1   | 10322 ||| INVOKING Heroism.
 10325 | Lair:1   | 10325 ||| FLEEEEING.
 10326 | Lair:1   | 10326 ||| FLEEEEING.
 10327 | Lair:1   | 10327 ||| FLEEEEING.
 10328 | Lair:1   | 10328 ||| FLEEEEING.
 10329 | Lair:1   | 10329 ||| FLEEEEING.
 10401 | Lair:1   | 10401 ||| INVOKING Heroism.
 10516 | Lair:1   | 10516 ||| INVOKING Heroism.
 10544 | Lair:1   | 10544 ||| INVOKING Heroism.
 10568 | Lair:1   | 10568 ||| INVOKING Heroism.
 10728 | Lair:1   | 10728 ||| INVOKING Heroism.
 11190 | Lair:2   | 11190 ||| INVOKING Heroism.
 11195 | Lair:2   | Reached XP level 12. HP: 77/77 MP: 12/15
 11203 | Lair:2   | 11203 ||| Stepping ~*~*~tactically~*~*~ (cloud).
 11282 | Lair:2   | 11282 ||| INVOKING Heroism.
 11328 | Lair:2   | 11328 ||| INVOKING Heroism.
 11342 | Lair:2   | Reached skill level 15 in Ranged Weapons
 11356 | Lair:2   | Identified the +1 pair of gloves of Eternity {Harm rPois
                  | Int+2}
 11361 | Lair:2   | 11361 ||| INVOKING Heroism.
 11374 | Lair:2   | 11374 ||| INVOKING Heroism.
 11379 | Lair:2   | HP: 16/77 [yak[a torpor snail] (5)]
 11380 | Lair:2   | HP: 2/77 [torpor snail (16)]
 11382 | Lair:2   | Slain by a yak

Levels and vault maps discovered:
D:1:      lightli_arrival_lavapool, layout_basic, dk_noncrumbling_3,
          minmay_indecisive_spiral
D:2:      layout_rooms
D:3:      layout_loops_ring, tso_oasis_becter, mainiacjoe_overflow_boulevard
D:4:      layout_loops_ring, bloody_makhleb, mainiacjoe_overflow_alcove_4,
          hellmonk_ghost_happy_afterlife, serial_shops,
          nicolae_shop_behind_doors, gup_sewer_entry_pipe, corexii_shack,
          uniq_eustachio
D:5:      layout_loops_cross, mainiacjoe_overflow_cross_hatched,
          overflow_temple_1_default
D:6:      gammafunk_steamed_eel, layout_layer_cave, lemuel_tele_altar,
          mainiacjoe_overflow_brackets, minmay_temple_entry_large_hall,
          uniq_sigmund
D:7:      layout_gridville, nicolae_wu_jian_immortal_techniques, slow_altar_1,
          nicolae_overflow_crystal_walls, kennysheep_windowed_goal
D:8:      layout_basic, fedhas_altar_fruit_tree, lemuel_crystal_altar
D:9:      wad_arrow_thing, layout_basic, lair_entry_dummy, bh_walls_and_bars
Lair:1:   hellmonk_ruined_rings, layout_long_grid, basic_altar,
          cheibrodos_lair_lostbears
Lair:2:   layout_cellular_growth, spider_nest_entry_webs

Skill      XL: |  1  2  3  4  5  6  7  8  9 10 11 12 |
---------------+-------------------------------------+-----
Ranged Weapons | 3 4 5 6 9 10 12 14 15 | 15.0
Fighting       | 2 3 4 5 7 8 10 | 10.0
Armour         | 1 2 3 4 |  4.1
Invocations    | 1 4 5 |  5.4
Dodging        | 2 3 4 |  4.4
Spellcasting   | |  1.0
Hexes          | |  2.6

Action                     |  1- 3 |  4- 6 |  7- 9 | 10-12 || total
---------------------------+-------+-------+-------+-------++-------
   Fire: Sling             |   156 |   366 |   669 |   257 ||  1448
         Shortbow          |       |       |       |    78 ||    78
         Orcbow            |       |       |       |   465 ||   465
 Invoke: Heroism           |       |       |    20 |    25 ||    45
    Use: Scroll            |     4 |     8 |    11 |     2 ||    25
         Potion            |     1 |       |     6 |     1 ||     8
 Armour: Robe              |    28 |       |       |       ||    28
         Ring mail         |    11 |   139 |   260 |       ||   410
         Steam dragon scal |       |       |     7 |    84 ||    91
         Troll leather arm |       |       |       |   174 ||   174
  Dodge: Dodged            |    70 |   171 |   290 |   371 ||   902
  Block: Other             |     4 |    69 |   138 |   124 ||   335
         Reflection        |       |       |     1 |     1 ||     2

Table legend:
 A = Non-vault XP
 B = Vault XP
 C = Vault XP percentage of total XP
 D = Non-vault monster count
 E = Vault monster count
 F = Vault count percentage of total count
                 A         B        C        D         E       F
            +---------+---------+-------+---------+---------+-------
      Total |   15307 |    4914 |  24.3 |     226 |      67 |  22.9
            +---------+---------+-------+---------+---------+-------
        D:1 |      43 |       7 |  14.0 |      27 |       4 |  12.9
        D:2 |      69 |       0 |   0.0 |      23 |       0 |   0.0
        D:3 |      68 |       0 |   0.0 |      20 |       0 |   0.0
        D:4 |     209 |     207 |  49.8 |      19 |       9 |  32.1
        D:5 |     849 |       0 |   0.0 |      22 |       0 |   0.0
        D:6 |    1069 |     231 |  17.8 |      26 |       1 |   3.7
        D:7 |    1296 |     105 |   7.5 |      14 |       2 |  12.5
        D:8 |    1793 |       0 |   0.0 |      23 |       0 |   0.0
        D:9 |     754 |    3271 |  81.3 |       8 |      11 |  57.9
     Lair:1 |    7183 |     890 |  11.0 |      34 |       3 |   8.1
     Lair:2 |    1974 |       0 |   0.0 |      10 |       0 |   0.0
      Sewer |       0 |     203 | 100.0 |       0 |      37 | 100.0
            +---------+---------+-------+---------+---------+-------
